 Dungeon Crawl Stone Soup version 0.31-a0-836-g3ceb0a6 (webtiles) character file.

Game seed: 11625074377526621116

8061 ShioPomu the Severer (level 11, -2/92 HPs)
             Began as a Minotaur Fighter on Sept 26, 2023.
             Was a Priest of Okawaru.
             Slain by Erica
             ... wielding a +4 scimitar of flaming
              (4 damage)
             ... on level 9 of the Dungeon.
             The game lasted 00:25:03 (9918 turns).

ShioPomu the Severer (Minotaur Fighter)             Turns: 9918, Time: 00:25:04

Health: -2/92      AC: 16    Str: 30    XL:     11   Next: 5%
Magic:  11/12      EV: 12    Int:  5    God:    Okawaru [***...]
Gold:   632        SH:  7    Dex: 17    Spells: 10/10 levels left

rFire   . . .        K - +2 hand axe (elec)
rCold   . . .        c - +0 buckler
rNeg    . . .        P - +0 plate armour
rPois   .            (helmet restricted)
rElec   .            (no cloak)
rCorr   .            o - +0 pair of gloves
SInv    .            (no boots)
Will    .....        (no amulet) Stlth
                     g - +6 ring of strength
HPRegen 0.35/turn    E - +6 ring of dexterity
MPRegen 0.13/turn

%: no passive effects
@: heroic, slowed, very slow
A: horns 2, retaliatory headbutt
a: Renounce Religion, Heroism


You were on level 9 of the Dungeon.
You worshipped Okawaru.
Okawaru was most pleased with you.
You visited 2 branches of the dungeon, and saw 11 of its levels.
You also visited: Sewer and Ossuary.

You collected 768 gold pieces.
You spent 136 gold pieces at shops.

Inventory:

Hand Weapons
 a - a +0 war axe
 H - a +2 flail of freezing
 K - a +2 hand axe of electrocution (weapon)
Missiles
 e - 8 atropa-tipped darts
 q - 2 curare-tipped darts
 r - 41 poisoned darts
 M - 3 silver javelins
 T - 10 boomerangs
Armour
 c - a +0 buckler (worn)
 o - a +0 pair of gloves (worn)
 P - a +0 plate armour (worn)
Jewellery
 g - a +6 ring of strength (left hand)
 E - a +6 ring of dexterity (right hand)
 J - an amulet of the acrobat
Talismans
 C - a serpent talisman
Wands
 l - a wand of polymorph (12)
 t - a wand of mindburst (14)
 L - a wand of paralysis (10)
 N - a wand of flame (25)
 O - a wand of roots (8)
Scrolls
 b - 2 scrolls of summoning {unknown}
 i - 5 scrolls of fog {unknown}
 m - 2 scrolls of brand weapon {unknown}
 s - 8 scrolls of identify {unknown}
 u - a scroll of enchant weapon
 v - 5 scrolls of teleportation
 w - 2 scrolls of noise {unknown}
 x - 2 scrolls of torment {unknown}
 y - 3 scrolls of revelation {unknown}
 z - 4 scrolls of enchant armour {unknown}
 B - 2 scrolls of immolation {unknown}
 D - a scroll of poison {unknown}
 F - a scroll of vulnerability {unknown}
 G - 3 scrolls of blinking {unknown}
 S - a scroll of acquirement {unknown}
 U - a scroll of fear {unknown}
Potions
 d - 2 potions of might
 f - 5 potions of heal wounds {unknown}
 h - 3 potions of cancellation {unknown}
 j - 3 potions of curing {unknown}
 k - 3 potions of mutation {unknown}
 n - a potion of enlightenment {unknown}
 p - 3 potions of haste {unknown}
 A - a potion of magic {unknown}
 I - a potion of degeneration {unknown}
 Q - a potion of attraction {unknown}
 R - a potion of ambrosia {unknown}


   Skills:
 - Level 7.0(12.0) Fighting
 + Level 16.2(21.2) Axes
 + Level 3.0(8.0) Throwing
 - Level 7.0(12.0) Armour
 - Level 3.0(8.0) Dodging
 - Level 7.0(12.0) Shields
 - Level 3.0 Invocations


You had 10 spell levels left.
You didn't know any spells.
Your spell library contained the following spells:

 Spells                   Type           Power      Damage    Failure   Level
 Apportation              Tloc           0%         N/A       98%         1
 Necrotise                Necr           0%         1d4       98%         1
 Sandblast                Erth           0%         2d4       98%         1
 Shock                    Conj/Air       0%         1d3       98%         1
 Passwall                 Tmut/Erth      0%         N/A       99%         2
 Stone Arrow              Conj/Erth      0%         3d7       100%        3
 Swiftness                Air            0%         N/A       100%        3
 Vampiric Draining        Necr           0%         2d6       100%        3
 Airstrike                Air            0%         2d(0-16)  100%        4
 Brom's Barrelling Bould  Conj/Erth      0%         2d3       100%        4
 Agony                    Necr           0%         N/A       100%        5
 Conjure Ball Lightning   Conj/Air       0%         3x3d6     100%        6
 Ozocubu's Refrigeration  Ice            0%         4d7       100%        7
 Discord                  Hex            0%         N/A       100%        8
 Disjunction              Tloc           0%         N/A       100%        8
 Polar Vortex             Ice            0%         N/A       100%        9
 Summon Small Mammal      Summ           Unusable   N/A       N/A         1
 Simulacrum               Ice/Necr       Unusable   N/A       N/A         6
 Malign Gateway           Summ/Tloc      Unusable   N/A       N/A         7
 Summon Horrible Things   Summ           Unusable   N/A       N/A         8

Dungeon Overview and Level Annotations

Branches:
Dungeon (10/15)            Temple (1/1) D:6           Sewer (visited)
Ossuary (visited)
   Lair: D:8-11         Orc: D:9-12

Altars:
Ashenzari
Cheibriados
Dithmenos
Elyvilon
Fedhas
Gozag
Hepliaklqana
Kikubaaqudgha
Makhleb
Nemelex Xobeh
Okawaru
Qazlal
Ru
Sif Muna
Trog
Uskayaw
Vehumet
Wu Jian
Xom
Yredelemnul
Zin
The Shining One

Shops:
D:4 ?:::   D:8 =   D:9 ?(?=

Annotations:
D:9 Erica


Innate Abilities, Weirdness & Mutations

You have a pair of horns on your head.
You reflexively headbutt those who attack you in melee.


Message History

Erica casts a spell.
Erica flickers and vanishes!
Deactivating autopickup; reactivate with Ctrl-A.
Something hits you. Something burns you.
You climb upwards.
Reactivating autopickup.
There is a stone staircase leading down here.
Deactivating autopickup; reactivate with Ctrl-A.
You closely miss something. Something hits you. Something burns you.
You slash something! You barely miss something. Something hits you.
Something burns you.
You gain the combat prowess of a mighty hero.
You can no longer speed up your combat.
Something hits you but does no damage. x2
You hit something.
You hear some strange, mumbled words.
A lance of force appears from out of thin air!
The lance of force hits you but does no damage.
You closely miss something.
You hear some strange, mumbled words.
You are confused.
You barely miss something. Something hits you.
* * * LOW HITPOINT WARNING * * *
Something burns you.
* * * LOW HITPOINT WARNING * * *
You barely miss something.
You're too confused to move!
Something hits you!
* * * LOW HITPOINT WARNING * * *
Something burns you.
* * * LOW HITPOINT WARNING * * *
Something hits you but does no damage. Something hits you.
* * * LOW HITPOINT WARNING * * *
Something burns you.
* * * LOW HITPOINT WARNING * * *
You feel less confused. Something hits you but does no damage.
You block something's attack.
There is a stone staircase leading down, spattered with blood here.
You slash something! You headbutt something. Something hits you.
You die...

####### #################
...##.# #..##...........#
...##.# #..##...{.......#
...##.# #..##..@........#
...##.# #..##...........#
...##.# #..##...........#
...##.# #..##...........#
...##.# #..##...........#
...##.# #..##...........#
...##.# #..##...........#
....#.####..##...........#
.##.#.......##...........#


There were no monsters in sight!

Vanquished Creatures
  2 two-headed ogres (D:8)
  Pikel (D:6)
  Grinder (D:3)
  7 yaks (D:9)
  2 vampires (D:9)
  A wraith (D:8)
  Eustachio (D:6)
  A wyvern (D:8)
  Menkaure (D:4)
  Edmund (D:6)
  2 water moccasins
  Pargi (D:4)
  An ice beast (D:6)
  4 orc warriors
  A sky beast (D:6)
  A black bear (D:5)
  2 ogres (D:4)
  A centaur (D:6)
  4 lemures
  6 kobold brigands
  2 gnoll sergeants (D:8)
  2 bullfrogs
  4 scorpions
  3 water moccasin zombies (Ossuary)
  10 wights
  4 killer bees (D:9)
  A centaur zombie (Ossuary)
  6 hounds
  2 bullfrog zombies (Ossuary)
  A gnoll bouda (D:8)
  8 orc priests
  Ijyb (D:3)
  Jessica (D:2)
  8 orc wizards
  4 iguanas
  A sleepcap (D:7)
  9 gnolls (D:8)
  3 river rats (Sewer)
  13 adders
  2 shadow imps (D:5)
  A white imp (D:6)
  2 ufetubi
  2 adder zombies (Ossuary)
  A worm (D:2)
  4 dart slugs
  23 orcs
  10 endoplasms
  2 giant cockroaches (D:4)
  5 goblins
  7 hobgoblins
  3 jackals (D:1)
  2 quokkas (D:2)
  8 ball pythons
  2 bats (D:1)
  5 frilled lizards
  2 gnoll zombies (Ossuary)
  6 goblin zombies (Ossuary)
  4 hobgoblin zombies (Ossuary)
  17 kobolds
  2 orc zombies (Ossuary)
  9 rats
243 creatures vanquished.

Notes
Turn   | Place    | Note
-------+----------+-------------------------------------------
     0 | D:1      | ShioPomu the Minotaur Fighter began the quest for the Orb.
     0 | D:1      | Reached XP level 1. HP: 19/19 MP: 0/0
   390 | D:1      | Reached XP level 2. HP: 27/27 MP: 1/1
   416 | D:1      | Reached skill level 3 in Axes
   684 | D:2      | Noticed Jessica
   696 | D:2      | Killed Jessica
   697 | D:2      | Reached skill level 4 in Axes
   697 | D:2      | Reached XP level 3. HP: 29/33 MP: 2/2
  1039 | D:2      | Reached XP level 4. HP: 40/40 MP: 3/3
  1041 | D:2      | Reached skill level 5 in Axes
  1329 | D:3      | Noticed Ijyb
  1352 | D:3      | Killed Ijyb
  1353 | D:3      | Reached skill level 6 in Axes
  1353 | D:3      | Reached XP level 5. HP: 37/46 MP: 4/4
  1520 | D:3      | Found a glowing drain.
  1532 | Sewer    | Entered a sewer
  1717 | Sewer    | Reached skill level 7 in Axes
  1833 | Sewer    | Reached XP level 6. HP: 36/52 MP: 5/5
  1915 | Sewer    | Reached skill level 8 in Axes
  2289 | Sewer    | Reached skill level 9 in Axes
  2289 | Sewer    | Reached XP level 7. HP: 52/59 MP: 6/6
  2691 | D:3      | Noticed Grinder
  2701 | D:3      | Killed Grinder
  2919 | D:3      | Reached skill level 10 in Axes
  3115 | D:4      | Found Wuodonich's Magic Scroll Boutique.
  3119 | D:4      | Bought a scroll of enchant weapon for 97 gold pieces
  3119 | D:4      | Bought a scroll of teleportation for 39 gold pieces
  3175 | D:4      | Found Netut's Book Shoppe.
  3180 | D:4      | Noticed Pargi
  3196 | D:4      | Killed Pargi
  3197 | D:4      | Reached XP level 8. HP: 50/67 MP: 7/7
  3305 | D:4      | Noticed Menkaure
  3315 | D:4      | Killed Menkaure
  3316 | D:4      | Reached skill level 5 in Fighting
  3316 | D:4      | Reached skill level 11 in Axes
  3316 | D:4      | Reached skill level 5 in Armour
  3604 | D:4      | Found Lenupp's Book Boutique.
  3626 | D:4      | Found Plog's Book Shop.
  3707 | D:5      | Entered Level 5 of the Dungeon
  3749 | D:5      | Reached skill level 12 in Axes
  3872 | D:5      | Reached skill level 1 in Throwing
  4235 | D:6      | Reached skill level 5 in Shields
  4344 | D:6      | Noticed Edmund
  4358 | D:6      | Killed Edmund
  4359 | D:6      | Reached XP level 9. HP: 52/74 MP: 8/8
  4523 | D:6      | Noticed Eustachio
  4531 | D:6      | Noticed Pikel
  4539 | D:6      | Paralysed by Pikel for 2 turns
  4547 | D:6      | Killed Eustachio
  4769 | D:6      | Found a staircase to the Ecumenical Temple.
  4795 | Temple   | Entered the Ecumenical Temple
  4831 | Temple   | Became a worshipper of Warmaster Okawaru
  5048 | D:6      | Found a stormy altar of Qazlal.
  5242 | D:6      | Reached skill level 13 in Axes
  5445 | D:6      | Paralysed by Pikel for 2 turns
  5448 | D:6      | Killed Pikel
  5448 | D:6      | Reached * piety under Okawaru
  6367 | D:7      | Reached skill level 14 in Axes
  6367 | D:7      | Reached skill level 1 in Invocations
  7119 | D:7      | Reached XP level 10. HP: 77/86 MP: 10/10
  7341 | D:8      | Reached ** piety under Okawaru
  7570 | D:8      | Found a shadowy altar of Dithmenos.
  7573 | D:8      | Found a hazy altar of Hepliaklqana.
  7592 | D:8      | Found a sand-covered staircase.
  7601 | Ossuary  | Entered an ossuary
  7710 | Ossuary  | Reached skill level 15 in Axes
  7826 | D:8      | Reached skill level 1 in Dodging
  7928 | D:8      | Found Seisijuwn's Jewellery Emporium.
  8156 | D:8      | Noticed a two-headed ogre
  8163 | D:8      | Killed a two-headed ogre
  8163 | D:8      | Reached *** piety under Okawaru
  8527 | D:9      | Noticed a two-headed ogre
  8641 | D:8      | Killed a two-headed ogre
  9114 | D:9      | Found Puroehanu's Jewellery Emporium.
  9232 | D:9      | Reached **** piety under Okawaru
  9242 | D:9      | Reached skill level 16 in Axes
  9242 | D:9      | Reached XP level 11. HP: 73/92 MP: 12/12
  9376 | D:9      | Found a sacrificial altar of Ru.
  9379 | D:9      | Found a glowing silver altar of Zin.
  9382 | D:9      | Found an ornate altar of the Wu Jian Council.
  9385 | D:9      | Found a radiant altar of Vehumet.
  9441 | D:9      | Found a white marble altar of Elyvilon.
  9471 | D:9      | Found Faovil's Antique Weapon Shop.
  9522 | D:9      | Found a basalt altar of Yredelemnul.
  9721 | D:9      | Found Nydycwump's Magic Scroll Shop.
  9774 | D:9      | Found Okuwifruriy's Magic Scroll Shoppe.
  9858 | D:10     | Entered Level 10 of the Dungeon
  9882 | D:10     | Noticed Erica
  9916 | D:9      | HP: 2/92 [something (5)]
  9918 | D:9      | Slain by Erica

Illustrated notes

Levels and vault maps discovered:
D:1:      onia_arrival_pyramid, layout_basic, minmay_close_crescents
D:2:      layout_loops_ring, uniq_jessica
D:3:      layout_rooms, gup_sewer_entry_glass, minivault_11,
          reono_crystal_passage, grunt_decor_clamped, serial_bayou_crossing,
          uniq_ijyb, uniq_grinder
D:4:      layout_rooms, serial_shops, shop, shop, nicolae_shop_rolling_square,
          shop, uniq_menkaure, uniq_pargi
D:5:      layout_rooms
D:6:      layout_layer_cave, mainiacjoe_overflow_brackets,
          minmay_temple_entry_ruins, minivault_1, uniq_edmund, uniq_eustachio,
          uniq_pikel
D:7:      layout_cave_pools
D:8:      layout_loops_ring, riverfiend_overflow_shadow_ancestor, serial_shops,
          nicolae_square_shop, enter_ossuary_1, grunt_tough_drop
D:9:      layout_long_grid, grunt_temple_overflow_cloverleaf,
          kennysheep_ying_yang, serial_shops, nicolae_shop_rolled_up,
          nicolae_shop_gaudy_bauble, shop, shop
D:10:     layout_rooms, hellmonk_lair_entry_icy, enter_trove_5, uniq_nergalle,
          uniq_erica, uniq_maggie, uniq_grum
Temple:   nicolae_temple_god_jail

Skill      XL: |  1  2  3  4  5  6  7  8  9 10 |
---------------+-------------------------------+-----
Fighting       | 4 5 7 |  7.0
Axes           | 4 6 7 9 10 12 14 16 | 16.2
Armour         | 4 5 7 |  7.0
Shields        | 5 7 |  7.0
Throwing       | 3 |  3.0
Invocations    | 2 3 |  3.0
Dodging        | 3 |  3.0

Action                     |  1- 3 |  4- 6 |  7- 9 | 10-12 || total
---------------------------+-------+-------+-------+-------++-------
  Melee: War axe           |    59 |   112 |   278 |       ||   449
         Headbutt          |     9 |    15 |    58 |    51 ||   133
         Hand axe          |       |       |       |   208 ||   208
 Invoke: Heroism           |       |       |       |     1 ||     1
    Use: Potion            |       |     1 |       |       ||     1
         Scroll            |       |       |     1 |       ||     1
 Armour: Scale mail        |    30 |    60 |   125 |       ||   215
         Skin              |       |     1 |       |       ||     1
         Chain mail        |       |       |    36 |       ||    36
         Plate armour      |       |       |    25 |   125 ||   150
  Dodge: Dodged            |    17 |    50 |   104 |    40 ||   211
  Block: Buckler           |    17 |    15 |    61 |    37 ||   130

Table legend: (Time is in decaauts)
 A = Elapsed time spent in this place.
 B = Non-inter-level travel time spent in this place.
 C = Inter-level travel time spent in this place.
 D = Time resting spent in this place.
 E = Time spent auto-exploring this place.
 F = Levels seen in this place.
 G = Mean time per level.
                   A        B        C        D        E       F      G
               +--------+--------+--------+--------+--------+-----+--------+
         Total |  10053 |   9828 |    225 |   1685 |   6075 |  13 |  773.3 |
       Dungeon |   8869 |   8662 |    207 |   1591 |   5464 |  10 |  886.9 |
        Temple |     54 |     36 |     18 |      0 |      0 |   1 |   54.0 |
         Sewer |    971 |    971 |      0 |     94 |    598 |   1 |  971.0 |
       Ossuary |    158 |    158 |      0 |      0 |     12 |   1 |  158.0 |
               +--------+--------+--------+--------+--------+-----+--------+

Top non-repeatable levels by time:
     D:6: 2288 daAuts
     D:8: 1275 daAuts
     D:9: 1047 daAuts
   Sewer: 971 daAuts
     D:3: 923 daAuts
     D:4: 725 daAuts
     D:7: 697 daAuts
     D:1: 672 daAuts
     D:2: 626 daAuts
     D:5: 565 daAuts
 Ossuary: 158 daAuts
  Temple: 54 daAuts
    D:10: 47 daAuts
